Map: Daybreak LE (Void)

Players

Emil - Winner!

  • Race: Terran Terran
  • League: Diamond
  • Spawn Location: 7:00

Byunio

  • Race: Terran Terran
  • League: Diamond
  • Spawn Location: 1:00

VOD

Have the link to the VOD?

Description

Time

  • Played on: Nov. 24, 2016, 2:47 p.m.
  • Length: 5:32
Show
View Real Time Build Order
Export as new Build Order

Emil Terran - Winner!

Build Orders: Cyclone Opening 

Get SALT Encoding   

  12  0:03  SCV  
  13  0:15  SCV  
  13  0:20  Supply Depot  
  14  0:27  SCV  
  15  0:37  Refinery  
  15  0:44  Barracks  
  15  0:48  SCV  
  16  1:17  SCV  
  17  1:31  Orbital Command  
  17  1:33  Marine  
  18  1:41  Factory  
  18  1:57  SCV  
  19  2:06  Barracks Reactor  
  19  2:08  Refinery  
  19  2:09  Command Center  
  19  2:18  Supply Depot  
  19  2:20  SCV  
  20  2:26  Hellion  
  21  2:35  SCV  
  22  2:52  SCV  
  22  2:56  Cyclone x2  
  29  3:04  SCV  
  30  3:06  Supply Depot  
  30  3:14  Marine  
  31  3:33  Hellion x2  
  35  3:41  Orbital Command  
  35  3:53  Barracks Tech Lab  
  35  3:58  Orbital Command  
  35  4:00  Factory  
  35  4:05  Hellion  
  35  4:07  SCV  
  38  4:22  SCV  
  39  4:29  SCV  
  40  4:34  SCV  
  41  4:41  SCV  
  42  4:46  SCV  
  41  4:53  SCV  
  41  4:58  SCV  
  43  5:05  SCV  
  44  5:10  SCV  
  45  5:17  SCV  
Show
View Real Time Build Order
Export as new Build Order

Byunio Terran 

Build Orders:  

Get SALT Encoding   

  12  0:00  SCV  
  13  0:12  SCV  
  14  0:17  Supply Depot  
  14  0:24  SCV  
  15  0:28  Refinery  
  15  0:39  SCV  
  16  0:46  Barracks  
  16  0:51  SCV  
  17  0:57  Refinery  
  17  1:04  SCV  
  18  1:16  SCV  
  20  1:35  Reaper  
  20  1:36  Orbital Command  
  20  1:37  Factory  
  20  1:59  Supply Depot  
  20  2:02  SCV  
  20  2:07  Reaper  
  22  2:14  SCV  
  26  2:30  Starport, SCV  
  24  2:37  Hellion  
  26  2:45  Barracks Reactor, SCV  
  27  2:52  Command Center  
  27  2:57  SCV  
  28  3:01  Hellion  
  30  3:10  SCV  
  31  3:21  Supply Depot  
  31  3:41  Factory Tech Lab  
  31  3:42  SCV, Marine x2  
  31  3:43  Supply Depot  
  37  3:54  SCV  
  35  3:55  Medivac  
  35  3:58  Barracks  
  37  4:03  Barracks  
  37  4:05  Marine x2  
  37  4:06  Barracks, Supply Depot, SCV  
  40  4:11  SCV  
  40  4:18  Factory Reactor  
  40  4:21  SCV  
  40  4:22  Bunker  
  40  4:23  SCV  
  42  4:33  SCV  
  42  4:36  SCV  
  43  4:39  Marine x2  
  43  4:42  Starport Reactor  
  43  4:45  SCV  
  37  5:03  Marine  
  37  5:04  Marine x2  
Tags
 
Matchup
TvT
Race
Terran
Replay Pack
EmSC2Tv
Spawn Locations
Cross Positions
Add a new tag
Caveats
  • Supply blocks, unpowered buildings, or Contaminate may cause inaccurate times.
  • Supply counts are checked every 10 seconds.